 Dungeon Crawl Stone Soup version 0.20-a0-463-g5747544 (webtiles) character file.

148 Queen the Cudgeler (level 5, -2/32 HPs)
             Began as a Gargoyle Berserker on Jan 11, 2017.
             Was a Believer of Trog.
             Killed by divine providence
             ... invoked by an orc priest
              (12 damage)
             ... on level 3 of the Dungeon.
             The game lasted 00:09:21 (1853 turns).

Queen the Cudgeler (Gargoyle Berserker)             Turns: 1853, Time: 00:09:22

Health: -2/32      AC:  9    Str: 20    XL:     5   Next: 30%
Magic:  5/5        EV:  8    Int:  8    God:    Trog [**....]
Gold:   136        SH:  7    Dex: 10    Spells: 4/4 levels left

rFire  . . .     SeeInvis .     a - +1 mace
rCold  + . .     Gourm    .     l - +0 ring mail
rNeg   + + .     Faith    .     m - +0 shield
rPois  ∞         Spirit   .     (no helmet)
rElec  +         Reflect  .     (no cloak)
rCorr  .         Harm     .     (no gloves)
MR     ++...                    (no boots)
Stlth  ..........               p - amulet of regeneration
                                s - ring of positive energy
                                n - ring of protection from cold

@: regenerating
A: negative energy resistance 1, electricity resistance, unbreathing,
petrification resistance, rot immunity, AC +4
a: Berserk, Trog's Hand, Burn Spellbooks, Renounce Religion


You were on level 3 of the Dungeon.
You worshipped Trog.
Trog was pleased with you.
You were hungry.

You visited 1 branch of the dungeon, and saw 3 of its levels.

You collected 136 gold pieces.

Inventory:

Hand Weapons
 a - a +1 mace (weapon)
Missiles
 k - 5 steel tomahawks (quivered)
Armour
 l - a +0 ring mail (worn)
 m - a +0 shield (worn)
Jewellery
 n - a ring of protection from cold (left hand)
 p - an amulet of regeneration (around neck)
 r - an uncursed ring of flight
 s - a ring of positive energy (right hand)
Wands
 e - a wand of polymorph (20/24)
Scrolls
 g - a scroll of enchant weapon
 h - a scroll of random uselessness {unknown}
 j - a scroll of fear {unknown}
 o - a scroll of remove curse
Potions
 b - a potion of curing {unknown}
 d - a potion of flight {unknown}
 f - a potion of brilliance {unknown}
 i - a potion of agility {unknown}
 q - a potion of lignification {unknown}
 u - a potion of berserk rage {unknown}
Comestibles
 c - 3 bread rations
 t - 7 chunks of flesh


   Skills:
 - Level 3.2 Fighting
 + Level 5.8 Maces & Flails
 - Level 2.1 Armour
 - Level 1.5 Dodging


You had 4 spell levels left.
You didn't know any spells.

Dungeon Overview and Level Annotations

Branches:
Dungeon (3/15)

Altars:
Fedhas


Innate Abilities, Weirdness & Mutations

You are resistant to torment.
Your stone body is resilient. (AC +4)
You are immune to poison.
You resist negative energy. (rN+)
You are resistant to electric shocks. (rElec)
You can survive without breathing.
You are immune to petrification.
You are immune to rotting.


Message History

You closely miss the orc.
The orc is almost dead.
The orc priest calls upon Beogh to heal the orc.
The orc is healed somewhat.
You block the orc's attack.
You hit the orc.
You kill the orc!
Trog accepts your kill.
The orc priest calls down the wrath of Beogh upon you.
Beogh smites you!
You hit the orc priest but do no damage.
The orc priest hits you with a flail.
* * * LOW HITPOINT WARNING * * *
Your skin crawls.
You feel resistant to hostile enchantments.
You are feeling hungry.
The orc priest hits you but does no damage.
You closely miss the orc priest.
The orc priest calls down the wrath of Beogh upon you.
Beogh smites you!
You die... §gPPPPP

.....# ...._PP
.....###.≈#≈^.PPPP.
.......... ..§#.....P) ...
..... #.#.....#.. #.#
#...###.......#.. .###+##.#
#.#...........#)^
.....!..####.#..###......#..
........#.o@.............#).
........#)##.######......÷..
#....†.†##.# ####......##.
#......†##.# #....>######.
..........##.# #.##### #.
.............# # ##
####......##.# ............#
........###..#


You could see an orc priest.

Vanquished Creatures
  A hound (D:3)
  3 adders (D:2)
  3 gnolls (D:3)
  2 dart slugs
  3 leopard geckos
  3 orcs (D:3)
  A giant cockroach (D:3)
  6 goblins
  9 hobgoblins
  2 jackals (D:2)
  A ball python (D:1)
  9 bats
  4 frilled lizards
  4 kobolds
  5 rats
56 creatures vanquished.

Notes
Turn   | Place    | Note
-------+----------+-------------------------------------------
     0 | D:1      | Queen the Gargoyle Berserker began the quest for the Orb.
     0 | D:1      | Reached XP level 1. HP: 14/14 MP: 1/1
   356 | D:1      | Reached XP level 2. HP: 15/19 MP: 2/2
   783 | D:1      | Reached skill level 4 in Maces & Flails
   896 | D:1      | Reached XP level 3. HP: 21/23 MP: 3/3
  1368 | D:2      | Reached ** piety under Trog
  1368 | D:2      | Reached XP level 4. HP: 26/28 MP: 4/4
  1426 | D:2      | Reached skill level 5 in Maces & Flails
  1747 | D:3      | Found a blossoming altar of Fedhas.
  1819 | D:3      | Reached XP level 5. HP: 32/32 MP: 5/5
  1853 | D:3      | Killed from afar by an orc priest

Vault maps used:
D:1:      lemuel_arrival_muddy, grunt_decor_fettered
D:3:      grunt_temple_overflow_forces_of_nature, overflow_temple_1_default,
          uniq_natasha

Skill      XL: |  1  2  3  4 |
---------------+-------------+-----
Maces & Flails | 4 5 |  5.8
Fighting       | |  3.2
Armour         | |  2.1
Dodging        | |  1.5

Action                   |  1- 3 |  4- 6 || total
-------------------------+-------+-------++-------
Melee: Mace              |   104 |    48 ||   152
Throw: Tomahawk          |     7 |    11 ||    18
Invok: Berserk           |     1 |       ||     1
       Trog's Hand       |       |     1 ||     1
  Use: Scroll            |     1 |     3 ||     4
  Eat: Chunk             |     3 |     1 ||     4
Armor: Animal skin       |    14 |       ||    14
       Ring mail         |    31 |    21 ||    52
Dodge: Dodged            |    76 |    16 ||    92
Block: Shield            |    14 |    17 ||    31
